Cogmind - Beta 16 @@@ ROGUE MODE // 2025.11.06 @ 00:18:27 Player: Hectopascal Result: Self-destructed Performance ------------- Evolutions (2) 1000 Regions Visited (3) 600 Robots Destroyed (3) 15 Value Destroyed (86) 86 Prototype IDs (0) 0 Alien Tech Used (0) 0 Bonus (-13) -13 TOTAL SCORE: 1688 Bonus ------- Friendly Fire -13 Cogmind --------- Core Integrity 463/550 Matter 300/300 Energy 200/200 System Corruption 0% Temperature Cool (9) Movement Rolling (115) Ox1 Location -8/Materials Parts ------- > --- POWER (1) -------- Subdweller Power Source > --- PROPULSION (3) --- Compact Wheel > --- UTILITY (4) ------ Small Storage Unit Particle Charger High-powered Tractor Beam > --- WEAPON (3) ------- Field Laser Ion Cannon > --- INVENTORY (8) ---- Light Nuclear Core Improved Heat Sink Hacking Suite Assault Rifle Light Assault Rifle Dirty Datajack (20) Peak State ------------ > --- POWER ------------ Subdweller Power Source > --- PROPULSION ------- Compact Wheel Compact Wheel > --- UTILITY ---------- Improved Heat Sink Small Storage Unit Particle Charger High-powered Tractor Beam > --- WEAPON ----------- Field Laser Field Laser Ion Cannon > --- INVENTORY -------- Ion Engine Improved Heat Sink Hacking Suite Assault Rifle Light Assault Rifle Dirty Datajack [Rating: 24] Favorites ----------- Power Subdweller Power Source Engine Subdweller Power Source Propulsion Compact Wheel Wheel Compact Wheel Utility Small Storage Unit Device Improved Heat Sink Storage Small Storage Unit Weapon Assault Rifle Energy Gun Salvaging Laser Energy Cannon Ion Cannon Ballistic Gun Assault Rifle Special Melee Weapon Dirty Datajack Build | -11 -10 -10 -8 ------- Run | Yrd Mat Sub Mat Slots Evolved 4 | . . . 4 Power . | . . . . Propulsion 1 | . . . 1 Utility 2 | . . . 2 Weapon 1 | . . . 1 Parts Attached 20 | 6 . 7 7 Power 3 | 1 . 2 . Engine 3 | 1 . 2 . Core . | . . . . Reactor . | . . . . Propulsion 3 | 2 . . 1 Treads . | . . . . Leg . | . . . . Wheel 3 | 2 . . 1 Hover . | . . . . Flight . | . . . . Utility 5 | 1 . 1 3 Device 3 | . . 1 2 Storage 2 | 1 . . 1 Processor . | . . . . Hackware . | . . . . Protection . | . . . . Artifact . | . . . . Weapon 9 | 2 . 4 3 Energy Gun 4 | . . 2 2 Energy Cannon 1 | . . . 1 Ballistic Gun 3 | 2 . 1 . Ballistic Cannon . | . . . . Launcher . | . . . . Special Weapon . | . . . . Impact Weapon . | . . . . Slashing Weapon . | . . . . Piercing Weapon . | . . . . Special Melee Weapon 1 | . . 1 . Unidentified Prototypes . | . . . . Parts Lost 5 | . . 2 3 Power . | . . . . Propulsion 2 | . . 1 1 Utility 1 | . . . 1 Weapon 2 | . . 1 1 Highest Loss Streak 2 | . . 1 2 To Critical Strikes . | . . . . Average Backups 4 | 1 3 4 5 Power . | . 1 1 . Propulsion . | . . . . Utility 1 | . 1 1 2 Weapon 1 | . 1 1 1 Tool/Special . | . . . . Unused Backups 5 | . . . 5 Power 2 | . . . 2 Propulsion 1 | . . . 1 Utility 2 | . . . 2 Weapon . | . . . . Tool/Special . | . . . . Average Slot Usage (%) 84 | . 85 86 74 Engine 13 | . 14 14 9 Wheel 23 | . 28 23 15 Device 6 | . . 5 19 Storage 13 | . 14 14 9 Energy Gun 8 | . . 9 13 Ballistic Gun 16 | . 28 15 5 Special Melee Weapon 1 | . . 2 . Peak Build Rating 24 | 6 6 13 24 Average Rating 9 | 4 6 9 17 On Entrance 5 | . 6 6 10 Avg Prop Armor Cover (%) . | . . . . Naked Turns . | . . . . Heaviest Build 27 | 14 14 14 27 Greatest Support 32 | 32 32 32 32 Greatest Overweight (x) 1 | . . . 1 Average Overweight (x) . | . . . . Largest Inventory Capacity 8 | 8 8 8 8 Average Capacity 7 | 6 8 8 8 Most Carried 8 | 5 3 8 8 Average Carried 5 | 1 3 6 6 Final Capacity 8 | 8 8 8 8 Final Carried 8 | 3 3 8 6 Class Distribution -------------------- 62% | Mutant 30% | Scavenger-Mutant 7% | Gunner Dominant Class ---------------- Mutant | -10/Materials Mutant | -10/Subcaves Gunner | -8/Materials Resources | -11 -10 -10 -8 ----------- Run | Yrd Mat Sub Mat Matter Collected 548 | 272 . 201 75 Remotely 75 | . . . 75 Salvage Created 165 | 83 . 82 . Parts 7 | 2 . 5 . Haulers Intercepted . | . . . . Recyclers Shooed . | . . . . Parts Field Recycled . | . . . . Retrieved Matter . | . . . . Parts Self-Destructed 12 | . . 12 . Prevented . | . . . . Parts Restored . | . . . . Kills | -11 -10 -10 -8 ------- Run | Yrd Mat Sub Mat Combat Hostiles Destroyed 2 | . . 2 . Guns 2 | . . 2 . Classes Destroyed 2 | 1 . 1 . Recycler 1 | 1 . . . Subdweller 2 | . . 2 . Best Kill Streak 1 | 1 . 1 . Combat Bots Only 1 | . . 1 . Max Kills in Single Turn 1 | 1 . 1 . Gunslinging . | . . . . Exploded . | . . . . Melee . | . . . . Uniques/NPCs Destroyed . | . . . . Combat | -11 -10 -10 -8 -------- Run | Yrd Mat Sub Mat Hostile Shots Fired 97 | . 4 37 56 Missed 29 | . 1 10 18 Hits 68 | . 3 27 38 Projectile 68 | . 3 27 38 Damage Taken 936 | . 39 547 350 Core 292 | . . 205 87 Absorbed by Shields . | . . . . Core Remaining (%) 59 | 100 . 18 . Volleys Fired 46 | 2 . 43 1 Largest 3 | 2 . 2 3 Hottest 186 | 40 . 60 186 Shots Fired 89 | 4 . 82 3 Gun 88 | 4 . 82 2 Cannon 1 | . . . 1 Launcher . | . . . . Special . | . . . . Kinetic 60 | 4 . 56 . Thermal 29 | . . 26 3 Explosive . | . . . . Electromagnetic . | . . . . Robot Hit Streak 8 | 3 . 8 2 Robot Miss Streak 2 | . . 2 1 Penetration Max . | . . . . Secondary Targets . | . . . . Shots Hit Robots 25 | 3 . 20 2 Core Hits 7 | 2 . 5 . Critical Kills . | . . . . Critical Parts Destroyed . | . . . . Critical Strikes . | . . . . Melee Attacks . | . . . . Impact . | . . . . Slashing . | . . . . Piercing . | . . . . Sneak Attacks . | . . . . Combat Hostiles . | . . . . Follow-up Attacks . | . . . . Damage Inflicted 204 | 36 14 110 44 Guns 165 | 36 . 110 19 Cannons 25 | . . . 25 Explosions . | . . . . Melee . | . . . . Ramming 14 | . 14 . . Kinetic 90 | 36 . 54 . Thermal 100 | . . 56 44 Explosive . | . . . . Electromagnetic . | . . . . Impact . | . . . . Slashing . | . . . . Piercing . | . . . . Highest Corruption . | . . . . Average Corruption . | . . . . Corruption Purged . | . . . . Corruption Blocked . | . . . . Overload Shots . | . . . . Overflow Damage . | . . . . Projectiles . | . . . . Explosions . | . . . . Melee . | . . . . Knockbacks 1 | . 1 . . Impact 1 | . 1 . . Kinetic . | . . . . Secondary . | . . . . Self-Inflicted Damage 6 | . 6 . . Shots . | . . . . Rammed 3 | . 3 . . Targets Rammed 3 | . 3 . . Kicked . | . . . . Crushed . | . . . . Highest Temperature 72 | 6 . . 72 Average Temperature 36 | 6 . . 44 Received Heat Transfer 153 | . 18 126 9 Siege Activations . | . . . . Martial Activations . | . . . . Shielding Activations . | . . . . Robots Disrupted . | . . . . Combat Hostiles . | . . . . Robots Corrupted . | . . . . Combat Hostiles . | . . . . Parts Fried . | . . . . Impact Corruptions . | . . . . Robots Melted . | . . . . Combat Hostiles . | . . . . Parts Melted . | . . . . Heat Transferred 224 | . . 150 74 Parts Sabotaged . | . . . . Parts Stolen . | . . . . Parts Stripped . | . . . . Power Chain Reactions . | . . . . Alert | -11 -10 -10 -8 ------- Run | Yrd Mat Sub Mat Maximum Alert Level . | . . . . Low Security (%) 100 | 100 100 . 100 Level 1 . | . . . . Level 2 . | . . . . Level 3 . | . . . . Level 4 . | . . . . Level 5 . | . . . . High Security . | . . . . Max Security . | . . . . Peak Influence 5 | 5 4 . . Initial . | . . . . Average . | 1 . . . Influence Increases 9 | 5 4 . . Destroy 0b10 Robot/NC 5 | 5 . . . Successful Hack 4 | . 4 . . Influence Decreases 9 | 5 4 . . Time Decay 9 | 5 4 . . Squads Dispatched 2 | . . . 2 Investigation . | . . . . Extermination . | . . . . Reinforcement 1 | . . . 1 Assault . | . . . . Garrison 1 | . . . 1 Intercept . | . . . . Searches Triggered . | . . . . Construction Impeded . | . . . . Haulers Reinforced . | . . . . Active Scanning Responses . | . . . . Cargo Convoy Interrupts . | . . . . Stealth | -11 -10 -10 -8 --------- Run | Yrd Mat Sub Mat Distress Signals . | . . . . Communications Jammed . | . . . . Distress Signals . | . . . . Times Spotted 14 | . 2 4 8 Peak Tracking Total 6 | . 2 2 6 Tactical Retreats . | . . . . Traps | -11 -10 -10 -8 ------- Run | Yrd Mat Sub Mat Traps Triggered . | . . . . Indirectly . | . . . . Trap Hack Attempts . | . . . . Triggered . | . . . . Disarmed . | . . . . Reprogrammed . | . . . . Reused . | . . . . Traps Extracted . | . . . . Installed . | . . . . Triggered . | . . . . Machines | -11 -10 -10 -8 ---------- Run | Yrd Mat Sub Mat Machines Disabled . | . . . . Max in Single Turn . | . . . . Machines Repaired . | . . . . Machines Dismantled . | . . . . Machines Sabotaged . | . . . . Overloaded Fab Kills . | . . . . Hacking | -11 -10 -10 -8 --------- Run | Yrd Mat Sub Mat Machines Accessed 3 | . 3 . . Terminals 3 | . 3 . . Fabricators . | . . . . Repair Stations . | . . . . Recycling Units . | . . . . Scanalyzers . | . . . . Garrison Access . | . . . . Total Hacks 4 | . 4 . . Successful 1 | . 1 . . Failed 3 | . 3 . . Catastrophic 1 | . 1 . . Database Lockouts . | . . . . Manual 3 | . 3 . . Terminals 4 | . 4 . . Fabricators . | . . . . Repair Stations . | . . . . Recycling Units . | . . . . Scanalyzers . | . . . . Garrison Access . | . . . . Terminal Hacks 1 | . 1 . . Dispatch Records 1 | . 1 . . Fabricator Hacks . | . . . . Repair Station Hacks . | . . . . Recycling Unit Hacks . | . . . . Scanalyzer . | . . . . Garrison Access Hacks . | . . . . Unauthorized Hacks . | . . . . Terminals . | . . . . Fabricators . | . . . . Repair Stations . | . . . . Recycling Units . | . . . . Scanalyzers . | . . . . Garrison Access . | . . . . Data Cores Recovered . | . . . . Used . | . . . . Hacking Detections 3 | . 3 . . Full Trace Events . | . . . . Feedback Events . | . . . . Feedback Blocked . | . . . . Robot Schematics Acquired . | . . . . Robots Built . | . . . . Authchips . | . . . . Time . | . . . . Total Robot Build Rating . | . . . . Part Schematics Acquired . | . . . . Parts Built . | . . . . Authchips . | . . . . Time . | . . . . Total Part Build Rating . | . . . . Part Studies Acquired . | . . . . Parts Repaired . | . . . . Time . | . . . . Parts Recycled . | . . . . Recycled Matter . | . . . . Retrieved Matter . | . . . . Retrieved Components . | . . . . Parts Scanalyzed . | . . . . Part Schematics Acquired . | . . . . Parts Damaged . | . . . . Bothacking | -11 -10 -10 -8 ------------ Run | Yrd Mat Sub Mat Used RIF Installer . | . . . . Robots Hacked . | . . . . Non-combat . | . . . . Combat . | . . . . Robot Hacks Applied . | . . . . Relay Couplers Released . | . . . . Fabnet Peak Effective % . | . . . . Robots Rewired . | . . . . Allies Hacked . | . . . . Hacks Repelled . | . . . . Allies | -11 -10 -10 -8 -------- Run | Yrd Mat Sub Mat Total Allies . | . . . . Largest Group . | . . . . Highest-Rated Group . | . . . . Highest-Rated Ally . | . . . . Total Orders . | . . . . Ally Attacks . | . . . . Total Damage . | . . . . Kills . | . . . . Allies Corrupted . | . . . . Allies Melted . | . . . . Intel | -11 -10 -10 -8 ------- Run | Yrd Mat Sub Mat Active Infowar (turns) . | . . . . Robot Analysis Total . | . . . . Derelict Logs Recovered . | . . . . Drone Launches . | . . . . Drone Recoveries . | . . . . Exploration | -11 -10 -10 -8 ------------- Run | Yrd Mat Sub Mat Turns Passed 1108 | 66 166 726 150 Spaces Moved 828 | 54 164 495 115 Core 16 | 16 . . . Treads . | . . . . Legs . | . . . . Wheels 812 | 38 164 495 115 Hover . | . . . . Flight . | . . . . Fastest Speed 50 | 50 100 100 100 Average Speed 99 | 85 100 100 104 Slowest Speed 115 | 100 100 100 115 Overloaded Moves . | . . . . Propulsion Burnouts . | . . . . Robots Hopped . | . . . . Potential Cave-ins . | . . . . Cave-ins Triggered . | . . . . Exploration Rate (%) 11 | 4 17 10 14 Regions Visited 3 Branch Regions 1 Pre-discovered Areas . | . . . . Known Exits Taken . | . . . . Unknown Exits Taken 3 | 1 1 1 . Scrap Searched . | . . . . Spaces Dug . | . . . . Terrain Destroyed . | . . . . Melee . | . . . . Projectile . | . . . . AOE . | . . . . Terrain Rammed . | . . . . Walls Destroyed . | . . . . Machines Disabled . | . . . . Actions | -11 -10 -10 -8 --------- Run | Yrd Mat Sub Mat Total 1039 | 70 166 657 146 Wait 107 | . . 102 5 Move 825 | 53 163 494 115 Hop . | . . . . Pick Up 26 | 9 . 8 9 Fast Attach 1 | . . 1 . Attach 18 | 6 . 4 8 Detach 2 | . . 1 1 Swap 2 | . . 2 . Drop 9 | . . 2 7 Fire 46 | 2 . 43 1 Melee . | . . . . Ram 3 | . 3 . . Kick . | . . . . Crush . | . . . . Escape Stasis . | . . . . Rewire . | . . . . Trap . | . . . . Miscellaneous . | . . . . Route ------- -11/Scrapyard -10/Materials -10/Subcaves -8/Materials History --------- Turn | Location | Event 2 | -11/Scrapyard | Met Revision 17 13 | -11/Scrapyard | Discovered new exit (range 15) 67 | -11/Scrapyard | Entered Materials 68 | -10/Materials | Met a group of wandering Federalists 128 | -10/Materials | Discovered new exit (range 9) 233 | -10/Materials | Entered Subcaves 234 | -10/Subcaves | Continued accompanying wandering Federalists (5) 297 | -10/Subcaves | Shifting Twisted Machinery released Sub. Power Source 298 | -10/Subcaves | Shifting Twisted Machinery released Sub. Laser 304 | -10/Subcaves | Lost 5 allies 315 | -10/Subcaves | Build established: Mutant 753 | -10/Subcaves | Core integrity fell below 50% 915 | -10/Subcaves | Discovered new exit (range 14) 928 | -10/Subcaves | Core integrity fell below 20% 959 | -10/Subcaves | Entered Materials 959 | -8/Materials | Evolved 4 slots: Propulsion x1, Utility x2, Weapon x1 997 | -8/Materials | Build established: Scavenger-Mutant 1066 | -8/Materials | Garrison activated, responded to threat 1109 | -8/Materials | Self-destructed Last Messages --------------- 01066_ ALERT: Activating Garrison Access M001. 01067_ R-06 Scavenger collects VTOL Module. 01071_ Com. Wheel destroyed. 01072_ R-06 Scavenger collects Salvaging Laser. 01075_ O-16 Technician: "IFF HANDSHAKE FAILED. SECURING TERMINAL." 01080_ K-01 Serf collects debris. 01082_ Acquired 75 matter. 01082_ ALERT: Hostiles spotted, dispatching reinforcements to Terminal M001. 01084_ M-13 Machinist repairs S-10 Pest Flight Unit. 01086_ Slug penetrates Wall. 01089_ K-01 Serf collects debris. 01089_ Slug penetrates Wall. 01092_ K-01 Serf collects debris. 01092_ Slug penetrates Wall. 01095_ K-01 Serf collects debris. 01102_ Imp. Heat Sink destroyed. 01109_ Field Laser destroyed. Map ----- +----------------------------------------------------+ | ?????????????????????????????????????????????????? | | ?????????????????????????????????????????????????? | | ?????????????????????????????????????????????????? | | ?????????????????????????????????????????????????? | | ?????????????????????????????????????????????????? | | ?????????????????????????????????????????????????? | | ?????????????????????????????????????????????????? | | ?????????????????????????????????????????????????? | | ?????????????????????????????????????????????????? | | ?????????????????????????????????????????????????? | | ?????????????????????????????????????????????????? | | ???????????????????????????????????????? ??????? | | ?????????????????????????????????????? ??????? | | ???????????????????????????????????# ??????? | | ?????????????????????????????????#?# ??????? | | ?????????????????????????????????? # ??????? | | ???????????????????????????????????+ ??????? | | ???????????????????????????????????# ??????? | | ???????????????????????????????????# #?????? | | ???????????????????????????????????# ####### | | ???????????????????????????????????# ## | | ???????????????????????????????????# ## " | | ???????????#### ?????????????????## ## """ | | ?????????? ############### ## """ | | ?????????? Y # """ | | ?????????? @ + "" | | ??????????????# ######r # """ | | ?????????????????????????#s #######+###### # "" | | ?????????????????????##### #????????????# # "" | | ?????????????????????#!! ##???????????# # " | | ?????????????????????#!! T#???????????# # | | ?????????????????????#[[ ##????????####+###### | | ?????????????????????#[[ #?????????# # | | ?????????????????????#]] #??######## # | | ?????????????????????#]] #??# # # | | ?????????????????????##### #??# "" # # | | ?????????????????????????# #??# ""S # # | | ?????????????????????????# #??# "" # # | | ?????????????????????????# #??# %# # | | ?????????????????????????# #???? # ! # | | ?????????????????????????# #######+######+###### | | ?????????????????????????# #?? | | ?????????????????????????# [ #?? | | ?????????????????????????# **! #?? | | ?????????????????????????# **! #######+###### | | ?????????????????????????# **! !!!#????# && | | ?????????????????????????# !!!#????# | | ?????????????????????????# !! #????# | | ?????????????????????????# ###### | | ?????????????????????????/ / | +----------------------------------------------------+ Best States ------------- Heat Dissipation 45 Energy Generation 15 Energy Capacity 250 Matter Stores 300 Matter Capacity 300 Sight Range 16 Terrain Scan Density 10 Evasion (%) 50 Particle Charging 15 Item Schematics ----------------- None Robot Schematics ------------------ None Fabricated ------------ Nothing Repaired ---------- Nothing Studied --------- None Alien Tech Used ----------------- None Achievements -------------- Strength In Numbers You Again Challenges ------------ None Game ------ Seed BraceArcTelecube Manual? 0 Play Time 00:20:43 Cumulative 60.9 hours Start 2025.11.05 @ 23:58:00 End 2025.11.06 @ 00:18:27 Sessions 1 Manual Loads 0 Difficulty Rogue Special Mode None Game No. 35 Rogue 33 Adventurer 2 Explorer 0 Win Type - Total 1 Types 1/0/0/0/0/0/0/0/0/0 Lore% 24 Gallery% 32 Achievement% 21 Wizard Run 0 Options --------- Layout 1 ASCII 0 Keyboard 0 Movement Numpad Keybinds 0 Fullscreen 1 Font 32/Terminus Map View 50x35 Zoom Use 0% Tactical HUD 1 Map Filters NONE Filters NONE Steam 1 RUN: e374e4f5-8f2f-445d-9228-5c974ad006d3